cohdb
Replays
Latest Replays
All Replays
Popular Replays
Top Player Replays
Match Explorer
How It Works
Community
CoH3 Stats
Reddit
Sign in to upload your games and track your stats! →
Sign in with Steam
Match 42239149
Unlisted
Match 42239149
Overview
Messages
Build Orders
End
Vickers Machine Gun Team
Selects Canadian Shock Battlegroup
Royal Engineer Section
Construct Section Command Post
Dingo Light Scout Car
Selects Attacking Spirit
Selects Canadian Shock Section
Canadian Shock Section
Canadian Shock Section
Dingo Light Scout Car
Selects Incendiary Munitions
Construct Platoon Command Post
Infantry Training
Selects Pyrotechnics
Construct Company Command Post
Matilda II Heavy Tank
Crusader II Medium Tank
Armored Vehicle Training
--==[ ZaiS ]==--
horizondawn
Hevsik
Sharpshoe
Wayne_Wang
michelin2_0
General Rommel
Moltke1871
0
0
Comments
sign in to comment!
No comments posted yet!